Map: Port Aleksander LE

Players

Probe

  • Race: Protoss Protoss
  • Spawn Location: 5:00

TIME (Oliveira) - Winner!

  • Race: Terran Terran
  • Spawn Location: 11:00

Event: 2019 WCS Winter Americas

VOD

Have the link to the VOD?

Description

Time

  • Played on: Feb. 7, 2019, 3:12 p.m.
  • Length: 7:57

All games in this series

Show
View Real Time Build Order
Export as new Build Order

Probe Protoss 

Build Orders: 1 Gate Expand, Double Forge, Blink Stalkers 

Get SALT Encoding   

  12  0:00  Probe  
  13  0:12  Probe  
  14  0:18  Pylon  
  14  0:24  Probe  
  15  0:32  Probe  
  15  0:37  Gateway  
  15  0:40  Probe  
  16  0:47  Assimilator  
  17  0:51  Probe  
  18  1:03  Probe  
  19  1:15  Probe  
  20  1:24  Nexus  
  20  1:34  Cybernetics Core  
  20  1:37  Probe  
  21  1:44  Assimilator  
  21  1:49  Probe  
  21  1:53  Pylon  
  22  2:01  Probe, Adept  
  23  2:09  Probe  
  26  2:17  Twilight Council  
  26  2:18  Probe  
  27  2:23  Warp Gate  
  27  2:29  Probe  
  28  2:38  Probe  
  28  2:40  Stalker  
  28  2:41  Probe  
  31  2:45  Blink  
  31  2:46  Probe  
  32  2:53  Probe  
  32  2:56  Probe  
  35  3:05  Probe  
  35  3:08  Probe  
  35  3:10  Stalker  
  38  3:17  Probe, Robotics Facility  
  39  3:21  Probe  
  40  3:29  Probe  
  40  3:31  Pylon  
  40  3:32  Probe  
  42  3:39  Gateway  
  42  3:40  Probe  
  42  3:42  Probe, Gateway  
  44  3:48  Probe  
  44  3:53  Pylon  
  44  3:54  Probe  
  46  3:59  Probe  
  46  4:01  Assimilator  
  47  4:03  Observer  
  47  4:06  Probe  
  49  4:11  Stalker, Probe  
  52  4:17  Observer  
  52  4:19  Nexus  
  53  4:33  Stalker  
  53  4:36  Stalker  
  57  4:40  Observer  
  57  4:43  Pylon  
  58  4:47  Forge  
  58  4:49  Forge  
  58  4:53  Protoss Ground Armor Level 1  
  58  4:56  Gateway  
  58  4:58  Gateway  
  58  4:59  Pylon  
  58  5:00  Gateway  
  58  5:02  Charge  
  58  5:03  Protoss Ground Weapons Level 1, Probe  
  58  5:06  Probe  
  60  5:15  Probe  
  60  5:18  Probe  
  62  5:27  Probe  
  63  5:28  Sentry  
  63  5:30  Probe, Gateway  
  63  5:33  Gateway  
  66  5:35  Zealot, Sentry  
  66  5:39  Probe x2  
  73  5:42  Probe  
  73  5:51  Zealot, Probe  
  73  5:52  Zealot  
  73  5:53  Zealot  
  73  5:54  Zealot  
  73  5:56  Observer  
  82  5:58  Probe x2  
  82  6:03  Probe  
  85  6:05  Pylon  
  85  6:06  Observer, Pylon  
  85  6:07  Zealot  
  85  6:09  Observer  
  88  6:24  Pylon  
  88  6:25  Pylon  
  88  6:31  Zealot, Immortal  
  88  6:32  Zealot x4  
  100  6:44  Shield Battery  
  100  6:45  Shield Battery  
  100  6:46  Shield Battery  
  100  6:50  Sentry  
  100  6:51  Zealot x2  
  100  6:52  Zealot  
  100  6:53  Zealot x2  
  112  7:02  Zealot  
  112  7:03  Zealot  
  116  7:10  Immortal  
  116  7:12  Zealot x2  
  124  7:18  Pylon  
  124  7:20  Pylon  
  120  7:29  Zealot x4  
  98  7:33  Zealot x2  
  98  7:38  Zealot  
  78  7:48  Zealot  
Show
View Real Time Build Order
Export as new Build Order

TIME Terran - Winner!

Build Orders: Reaper Expand 

Get SALT Encoding   

  12  0:00  SCV  
  13  0:13  SCV  
  14  0:18  Supply Depot  
  14  0:25  SCV  
  15  0:39  SCV  
  15  0:40  Barracks  
  16  0:45  Refinery  
  16  0:52  SCV  
  17  1:04  SCV  
  18  1:16  SCV  
  19  1:27  Reaper  
  19  1:28  Orbital Command  
  20  1:43  Command Center  
  20  1:51  Supply Depot  
  21  1:54  SCV  
  21  1:59  Marine  
  22  2:06  SCV  
  23  2:10  Factory  
  23  2:16  Refinery  
  23  2:20  SCV  
  24  2:22  Barracks Reactor  
  24  2:31  Barracks  
  24  2:36  SCV  
  25  2:48  SCV  
  26  2:55  Factory Tech Lab  
  26  2:56  Orbital Command  
  26  3:00  Marine x2  
  26  3:01  SCV  
  29  3:13  SCV  
  29  3:14  Cyclone  
  29  3:18  Marine x2  
  29  3:19  Barracks Tech Lab  
  35  3:22  SCV  
  35  3:25  SCV  
  37  3:28  Supply Depot  
  37  3:34  SCV  
  37  3:37  SCV, Marine  
  37  3:38  Stimpack  
  37  3:40  Marine x2  
  42  3:46  Siege Tank  
  42  3:47  SCV  
  46  3:49  SCV  
  46  3:53  Supply Depot  
  46  3:55  Marine  
  48  3:58  Marine  
  48  4:02  SCV  
  50  4:03  Starport  
  50  4:05  SCV  
  50  4:07  Marine  
  52  4:12  Marine  
  52  4:14  SCV  
  52  4:17  SCV, Marine, Supply Depot  
  54  4:24  Siege Tank  
  59  4:26  SCV  
  59  4:27  Marine  
  59  4:29  SCV  
  62  4:35  Marine  
  62  4:38  Supply Depot  
  62  4:40  Starport Reactor, Barracks  
  62  4:41  Marine  
  62  4:44  Engineering Bay  
  63  4:46  SCV  
  63  4:47  SCV  
  63  4:50  Marine  
  66  4:54  Refinery  
  66  4:55  Marine  
  66  4:56  Refinery  
  67  5:00  SCV  
  67  5:02  Siege Tank  
  67  5:03  Marine  
  67  5:06  SCV  
  73  5:08  Marine  
  73  5:12  SCV  
  73  5:13  Supply Depot, Marine  
  76  5:16  Terran Infantry Weapons Level 1  
  76  5:19  SCV  
  76  5:21  Marine  
  78  5:30  Starport Reactor  
  78  5:32  Supply Depot  
  78  5:35  SCV x2, Marine x2  
  82  5:38  Marine  
  82  5:39  Supply Depot  
  82  5:41  Combat Shield  
  83  5:44  Marine x2  
  83  5:47  SCV  
  86  5:50  Supply Depot  
  86  5:53  Marine x2  
  86  5:54  Siege Tank  
  86  5:56  Supply Depot, Marine  
  92  6:00  SCV x2  
  92  6:02  Marine x2  
  95  6:07  Medivac x2  
  99  6:11  Marine  
  99  6:16  Marine  
  101  6:20  Marine x2  
  101  6:21  Supply Depot x2, Marine  
  104  6:26  Siege Tank  
  104  6:29  Marine  
  104  6:32  SCV  
  108  6:34  Marine  
  108  6:38  Marine x3  
  112  6:40  SCV  
  112  6:44  Medivac x2  
  116  6:47  Marine  
  116  6:52  Marine  
  117  6:55  Marine  
  117  6:59  Marine  
  119  7:03  Siege Tank  
  119  7:07  Marine  
  123  7:09  SCV  
  123  7:11  Marine  
  123  7:13  Marine  
  122  7:16  Marine  
  122  7:18  Marine  
  116  7:23  SCV  
  116  7:25  Marine  
  116  7:29  Marine  
  98  7:31  Marine  
  98  7:34  Marine  
  98  7:40  SCV  
Tags
 
Add a new tag
Caveats
  • Supply blocks, unpowered buildings, or Contaminate may cause inaccurate times.
  • Supply counts are checked every 10 seconds.